 Dungeon Crawl Stone Soup version 0.18.1-8-gdd0e5ea (webtiles) character file.

142 Scarto the Skirmisher (level 5, -6/42 HPs)
             Began as a Demonspawn Fighter on June 6, 2016.
             Mangled by Robin
             ... wielding a +2 short sword of distortion
              (14 damage)
             ... on level 3 of the Dungeon.
             The game lasted 00:03:57 (2477 turns).

Scarto the Skirmisher (Demonspawn Fighter)          Turns: 2477, Time: 00:03:58

Health: -6/42      AC: 13    Str: 17    XL:     5   Next: 4%
Magic:  5/5        EV:  6    Int:  9    God:
Gold:   140        SH:  8    Dex: 11    Spells: 0 memorised, 4 levels left

rFire  . . .     SeeInvis .     a - +0 war axe
rCold  . . .     Gourm    .     b - +0 scale mail
rNeg   . . .     Faith    .     c - +0 shield
rPois  .         Spirit   .     (no helmet)
rElec  .         Dismiss  .     (no cloak)
rCorr  .         Reflect  .     (no gloves)
SustAt .         Harm     .     (no boots)
MR     .....                    (no amulet)
Stlth  ..........               (no ring)
                                (no ring)

@: heavily drained, not resistant to hostile enchantments, extremely unstealthy
A: rough black scales 2
a: no special abilities


You were on level 3 of the Dungeon.
You were not hungry.

You visited 1 branch of the dungeon, and saw 3 of its levels.

You collected 140 gold pieces.

Inventory:

Hand Weapons
 a - a +0 war axe (weapon)
Armour
 b - a +0 scale mail (worn)
 c - a +0 shield (worn)
Scrolls
 e - 4 scrolls of identify {unknown}
 g - a scroll of enchant armour {unknown}
 i - a scroll of amnesia {unknown}
 q - a scroll of recharging {unknown}
Potions
 d - 3 potions of might
Books
 m - a book of Fire

   Spells                             Type                      Level
   a - Ignite Poison                  Fire/Transmutation/Poison    3
   b - Fireball                       Conjuration/Fire             5
   c - Bolt of Fire                   Conjuration/Fire             6
   d - Delayed Fireball               Conjuration/Fire             7
   e - Ring of Flames                 Charms/Fire                  7
Comestibles
 f - 3 bread rations
 h - 2 meat rations
 k - a beef jerky


   Skills:
 + Level 4.0(1.9) Fighting
 + Level 2.6(0.6) Axes
 + Level 3.3(1.2) Armour
 + Level 3.6(1.6) Shields


You had 4 spell levels left.
You didn't know any spells.

Dungeon Overview and Level Annotations

Branches:
Dungeon (3/15)

Altars:

Annotations:
D:3 Robin


Innate Abilities, Weirdness & Mutations

You are mostly covered in rough black scales (AC +7, Dex -2).


Message History

Robin is almost dead.
You hit the hobgoblin but do no damage. You block Robin's attack.
The hobgoblin hits you but does no damage.
You barely miss Robin.
Robin is almost dead.
You hit the hobgoblin.
The hobgoblin is severely wounded.
Robin hits you but does no damage. Space bends around you.
* * * LOW HITPOINT WARNING * * *
You block the hobgoblin's attack. Robin barely misses you.
Your shield and scale mail prevent you from hitting Robin.
Robin is almost dead.
Your shield and scale mail prevent you from hitting the hobgoblin.
The hobgoblin is severely wounded.
You feel sick.
You are no longer poisoned.
You block the hobgoblin's attack.
Robin laughs in a distinctly smug fashion.
Robin hits you but does no damage. Space warps horribly around you!
You die...

#. #. #. #. #. #.
#.### #.@g# ##
###g# #. #.# #.
#†### #. ##(#.###
#. #.(....# #.
#.(....## #.
##.......###### #.
#..#..........####.


You could see Robin and a hobgoblin.

Vanquished Creatures
  Ijyb (D:2)
  4 adders
  3 oozes (D:1)
  A dart slug (D:1)
  2 giant geckos (D:2)
  A ball python (D:1)
  6 giant cockroaches
  10 goblins
  11 hobgoblins
  A quokka (D:2)
  10 bats
  A giant newt (D:1)
  4 kobolds
  8 rats
  A bush (D:2)
64 creatures vanquished.

Notes
Turn   | Place    | Note
--------------------------------------------------------------
     0 | D:1      | Scarto the Demonspawn Fighter began the quest for the Orb.
     0 | D:1      | Reached XP level 1. HP: 18/18 MP: 1/1
    73 | D:1      | Gained mutation: You are partially covered in rough black scales (AC +4, Dex -1). [demonic ancestry]
    73 | D:1      | Reached XP level 2. HP: 24/24 MP: 2/2
   216 | D:1      | Reached XP level 3. HP: 11/29 MP: 3/3
  1000 | D:2      | Noticed Ijyb
  1018 | D:2      | Killed Ijyb
  1018 | D:2      | Gained mutation: You are mostly covered in rough black scales (AC +7, Dex -2). [demonic ancestry]
  1018 | D:2      | Reached XP level 4. HP: 37/37 MP: 4/4
  2459 | D:3      | Noticed Robin
  2460 | D:3      | Reached skill level 4 in Fighting
  2473 | D:3      | Reached XP level 5. HP: 33/42 MP: 5/5
  2477 | D:3      | Mangled by Robin

Skill      XL: |  1  2  3  4 |
---------------+-------------+-----
Axes           | 2 |  2.6
Shields        | 3 |  3.6
Armour         | 3 |  3.3
Fighting       | 4 |  4.0

Action                   |  1- 3 |  4- 6 || total
-------------------------+-------+-------++-------
Melee: War axe           |    89 |   281 ||   370
  Use: Potion            |       |     5 ||     5
  Eat: Bread ration      |       |     2 ||     2
Armor: Scale mail        |    75 |   165 ||   240
Dodge: Dodged            |    34 |    76 ||   110
Block: Shield            |    64 |   106 ||   170
